 Dungeon Sprint DCSS version 0.32-a0-39-g5c88369fb2 (webtiles) character file.

Game seed: 17136244848046464632

1221 Conn the Arsonist (level 8, 0/46 HPs)
             Began as an Octopode Fire Elementalist on Feb 4, 2024.
             Was a Believer of Sif Muna.
             Slain by a two-headed ogre
             ... wielding a +0 giant spiked club
              (22 damage)
             ... in the Dungeon (Sprint III: "The Ten Rune Challenge").
             The game lasted 00:04:07 (791 turns).

Conn the Arsonist (Octopode Fire Elementalist)       Turns: 791, Time: 00:04:08

Health: 0/46       AC:  1    Str:  7    XL:     8   Next: 47%
Magic:  13/21      EV: 14    Int: 19    God:    Sif Muna [**....]
Gold:   54         SH:  0    Dex: 13    Spells: 20/26 levels left

rFire   + . .        i - +2 long sword (holy)
rCold   . . .        (no shield)
rNeg    . . .        (helmet restricted)
rPois   .            (no amulet)
rElec   .            (no ring)
rCorr   .            (no ring)
SInv    .            (no ring)
Will    .....        (no ring)
Stlth   ++++         (no ring)
HPRegen 0.27/turn    (no ring)
MPRegen 0.17/turn    (no ring)
                     (no ring)

%: no teleportation, clarity
@: no status effects
A: almost no armour, amphibious, 8 rings, camouflage 1, gelatinous body 1,
(nimble swimmer 1), tentacles, clarity, fire resistance 1, MP-powered wands
a: Renounce Religion, Channel Magic


You were in the Dungeon.
You worshipped Sif Muna.
Sif Muna was pleased with you.
You visited 1 branch You collected 54 gold pieces.

Inventory:

Hand Weapons
 i - a +2 long sword of holy wrath (weapon)
Wands
 h - a wand of iceblast (1)
Scrolls
 f - a scroll of blinking
Potions
 a - 3 potions of magic
 b - 3 potions of curing
 c - a potion of heal wounds
 d - a potion of haste
 e - a potion of berserk rage
 g - a potion of mutation
 j - a potion of lignification {unknown}
 k - a potion of might {unknown}
 m - a potion of enlightenment
Miscellaneous
 l - a condenser vane (inert)


   Skills:
 + Level 0.2 Fighting
 + Level 0.5 Long Blades
 + Level 4.8 Dodging
 + Level 6.6 Stealth
 + Level 9.9 Spellcasting
 + Level 5.4 Conjurations
 + Level 0.2 Hexes
 + Level 12.8 Fire Magic


You had 20 spell levels left.
You knew the following spells:

 Your Spells              Type           Power      Damage    Failure   Level
a - Foxfire               Conj/Fire      100%       2x1d9     1%          1
b - Scorch                Fire           100%       2d9       1%          2
c - Inner Flame           Hex/Fire       34%        N/A       1%          3

Your spell library contained the following spells:

 Spells                   Type           Power      Damage    Failure   Level
 Volatile Blastmotes      Fire/Tloc      66%        2d15      1%          3
 Flame Wave               Conj/Fire      44%        2d11      1%          4
 Ignite Poison            Fire/Alch      33%        N/A       5%          4
 Cigotuvi's Dreadful Rot  Necr/Alch/Air  18%        N/A       12%         2
 Malign Gateway           Summ/Tloc      4%         N/A       100%        7


Dungeon Overview and Level Annotations

Branches:
Dungeon (1/1)

Altars:
Cheibriados
Dithmenos
Elyvilon
Fedhas
Gozag
Hepliaklqana
Kikubaaqudgha
Makhleb
Nemelex Xobeh
Okawaru
Qazlal
Ru
Sif Muna
Trog
Uskayaw
Vehumet
Wu Jian
Xom
Yredelemnul
Zin
The Shining One
Jiyva
Lugonu


Innate Abilities, Weirdness & Mutations

You cannot wear most types of armour.
You are amphibious.
You can wear up to eight rings at the same time.
Your skin changes colour to match your surroundings (Stealth+).
Your rubbery body absorbs attacks. (AC +1, EV +1)
((You are camouflaged when in or above water. (Stealth+)))
You have tentacles for arms and can constrict up to eight enemies at once.
You possess an exceptional clarity of mind.
Your flesh is heat resistant. (rF+)
You expend magic power (3 MP) to strengthen your wands.


Message History

Clouds condense from the air!
The condenser dries out!
Okay, then.
Unknown command.
Casting: Inner Flame (safe; 1% risk of failure)
Confirm with . or Enter, or press ? or * to list all spells.
Flames lash the two-headed ogre.
The two-headed ogre is moderately wounded.
The two-headed ogre's fire resistance burns away.
Unknown command.
Casting: Scorch (safe; 1% risk of failure)
Confirm with . or Enter, or press ? or * to list all spells.
Okay, then.
Unknown command.
Unknown command.
Unknown command.
Casting: Scorch (safe; 1% risk of failure)
Confirm with . or Enter, or press ? or * to list all spells.
You conjure some foxfire!
The two-headed ogre misses you.
The two-headed ogre hits you with a +0 giant club.
Unknown command.
Casting: Foxfire (safe; 1% risk of failure)
Confirm with . or Enter, or press ? or * to list all spells.
Flames lash the two-headed ogre.
The two-headed ogre is moderately wounded.
The two-headed ogre's fire resistance burns away.
The foxfire hits the two-headed ogre.
The two-headed ogre is moderately wounded.
The foxfire hits the two-headed ogre!
The two-headed ogre is burned terribly!
The two-headed ogre is heavily wounded.
Casting: Scorch (safe; 1% risk of failure)
Confirm with . or Enter, or press ? or * to list all spells.
Aiming: Inner Flame (safe; 1% risk of failure)
Press: ? - help, Dir - move target, f - two-headed ogre
Aim: a two-headed ogre, wielding two +0 giant clubs (steam, moderately wounded, more vulnerable to fire, chance to affect: 74%)
The two-headed ogre struggles to resist.
The two-headed ogre is engulfed in a cloud of scalding steam.
The two-headed ogre barely misses you.
The two-headed ogre hits you with a +0 giant club!!
The two-headed ogre hits you with a +0 giant spiked club!!
You die...

▓▓▓▓▓▓ ▓▓▓ .#.).####
##.############
.#......#####..#___#___#__#
##.......#..#..#...#__.#._#
.##.##...#..#..###'#'###)##
.##.###..##'#..#.O§§§.....#
####.##..###...'@O....§...#
##..##..####...#..)######'#
....##..###....#.⌠.#__#...#
#..##†..##.....#...#__#...# #O
..##....#......#)###__#...## O.
.###..##.#.....#.).#__#...O##.#
.# #..#####....#___#__'...#...#
▓▓ ▓▓▓▓ ▓▓▓▓▓▓▓▓▓▓▓▓▓▓▓▓▓▓▓▓▓


You could see 2 two-headed ogres.

Vanquished Creatures
  A deep elf pyromancer (D)
  A shadow (D)
  A spatial vortex (D)
  A water elemental (D)
  A necrophage (D)
  A jelly (D)
  An arcanist (D)
  Jessica (D)
  A necromancer (D)
  A kobold demonologist (D)
  3 humans (D)
  A phantom (D)
  An endoplasm (D)
  2 rats (D)
17 creatures vanquished.

Vanquished Creatures (others)
  29 foxfires (D)
29 creatures vanquished.

Grand Total: 46 creatures vanquished

Notes
Turn   | Place    | Note
-------+----------+-------------------------------------------
     0 | D        | Conn the Octopode Fire Elementalist began the quest for the
                  | Orb.
     0 | D        | Reached XP level 1. HP: 11/11 MP: 3/3
    42 | D        | Noticed Jessica
    46 | D        | Killed Jessica
    47 | D        | Reached skill level 5 in Fire Magic
    47 | D        | Reached XP level 2. HP: 17/17 MP: 0/6
    47 | D        | Reached XP level 3. HP: 21/21 MP: 0/7
   154 | D        | Learned a level 2 spell: Scorch
   272 | D        | Gained mutation: You possess an exceptional clarity of
                  | mind. [potion of mutation]
   272 | D        | Gained mutation: You expend magic power (3 MP) to
                  | strengthen your wands. [potion of mutation]
   272 | D        | Gained mutation: Your flesh is heat resistant. (rF+)
                  | [potion of mutation]
   280 | D        | Learned a level 3 spell: Inner Flame
   285 | D        | Noticed a water elemental
   288 | D        | Killed a water elemental
   289 | D        | Reached skill level 7 in Fire Magic
   289 | D        | Reached XP level 4. HP: 27/27 MP: 4/10
   345 | D        | Found a radiant altar of Vehumet.
   345 | D        | Found a shimmering blue altar of Sif Muna.
   345 | D        | Found an ancient bone altar of Kikubaaqudgha.
   345 | D        | Noticed an arcanist
   347 | D        | Killed an arcanist
   348 | D        | Reached skill level 5 in Stealth
   348 | D        | Reached skill level 5 in Spellcasting
   348 | D        | Reached XP level 5. HP: 31/31 MP: 6/12
   352 | D        | Got the Exposition on the Toxic Vector
   354 | D        | Became a worshipper of Sif Muna the Loreminder
   420 | D        | Found a glowing silver altar of Zin.
   424 | D        | Found a glowing golden altar of the Shining One.
   425 | D        | Found a white marble altar of Elyvilon.
   426 | D        | Noticed a deep elf pyromancer
   431 | D        | Noticed a fire elemental
   431 | D        | Killed a deep elf pyromancer
   432 | D        | Reached skill level 10 in Fire Magic
   432 | D        | Reached XP level 6. HP: 36/36 MP: 4/17
   432 | D        | Reached XP level 7. HP: 41/41 MP: 4/18
   518 | D        | Found a hide-covered altar of Uskayaw.
   518 | D        | Found an iron altar of Okawaru.
   518 | D        | Found a bloodstained altar of Trog.
   518 | D        | Found an ornate altar of the Wu Jian Council.
   518 | D        | Noticed a human
   520 | D        | Noticed a human
   524 | D        | Killed a human
   525 | D        | Reached skill level 11 in Fire Magic
   525 | D        | Killed a human
   525 | D        | Reached * piety under Sif Muna
   526 | D        | Reached skill level 5 in Conjurations
   526 | D        | Reached XP level 8. HP: 46/46 MP: 15/21
   569 | D        | Found a basalt altar of Yredelemnul.
   569 | D        | Found a shadowy altar of Dithmenos.
   569 | D        | Found a sacrificial altar of Ru.
   573 | D        | Reached skill level 12 in Fire Magic
   623 | D        | Reached ** piety under Sif Muna
   624 | D        | Noticed a shadow
   625 | D        | Killed a shadow
   678 | D        | Found a blossoming altar of Fedhas.
   678 | D        | Found a stormy altar of Qazlal.
   678 | D        | Found a snail-covered altar of Cheibriados.
   678 | D        | Found a burning altar of Makhleb.
   678 | D        | Found a shimmering altar of Xom.
   679 | D        | Found a hazy altar of Hepliaklqana.
   679 | D        | Found an opulent altar of Gozag.
   679 | D        | Found a sparkling altar of Nemelex Xobeh.
   679 | D        | Found a corrupted altar of Lugonu.
   679 | D        | Found a viscous altar of Jiyva.
   791 | D        | Slain by a two-headed ogre

Illustrated notes

Levels and vault maps discovered:
D:        dungeon_sprint_mu [sprint_mu_entry_cave, sprint_mu_temple_rooms,
          sprint_mu_d1_spiders, sprint_mu_d2_genie, sprint_mu_d3_branching,
          sprint_mu_orc_legion, sprint_mu_elf_gauntlet, sprint_mu_hive_nellie,
          sprint_mu_lair_fedhas, sprint_mu_vaults_butterflies,
          sprint_mu_slime_circle, sprint_mu_swamp_cave, sprint_mu_shoals_kraken,
          sprint_mu_blade_basic, sprint_mu_crypt_lich, sprint_mu_tomb_spiral,
          sprint_mu_vestibule_basic, sprint_mu_gehenna_hellfire,
          sprint_mu_dis_giant, sprint_mu_tartarus_statrot,
          sprint_mu_cocytus_islands, sprint_mu_zot1]

Skill      XL: |  1  2  3  4  5  6  7  8 |
---------------+-------------------------+-----
Stealth        | 4 5 6 |  6.6
Spellcasting   | 3 4 5 8 9 |  9.9
Fire Magic     | 5 7 10 11 12 | 12.8
Dodging        | 3 4 |  4.8
Conjurations   | 2 4 5 |  5.4
Fighting       | |  0.2
Long Blades    | |  0.5
Hexes          | |  0.2

Action                     |  1- 3 |  4- 6 |  7- 9 || total
---------------------------+-------+-------+-------++-------
  Melee: Unarmed           |     3 |       |       ||     3
         Tentacles         |     1 |       |     3 ||     4
         Constrict         |     1 |       |       ||     1
         Long sword        |       |       |    17 ||    17
   Cast: Foxfire           |    11 |     2 |     3 ||    16
         Scorch            |     4 |     5 |    10 ||    19
         Inner Flame       |       |     1 |     2 ||     3
  Evoke: Condenser vane    |       |       |     1 ||     1
    Use: Potion            |     1 |     1 |       ||     2
         Scroll            |       |     3 |     1 ||     4
 Armour: Skin              |     5 |       |     6 ||    11
  Dodge: Dodged            |     6 |       |     9 ||    15

Table legend: (Time is in decaauts)
 A = Elapsed time spent in this place.
 B = Non-inter-level travel time spent in this place.
 C = Inter-level travel time spent in this place.
 D = Time resting spent in this place.
 E = Time spent auto-exploring this place.
 F = Levels seen in this place.
 G = Mean time per level.
                   A        B        C        D        E       F      G
               +--------+--------+--------+--------+--------+-----+--------+
         Total |    797 |    797 |      0 |    505 |      0 |   1 |  797.0 |
       Dungeon |    797 |    797 |      0 |    505 |      0 |   1 |  797.0 |
               +--------+--------+--------+--------+--------+-----+--------+

Top non-repeatable levels by time:
       D: 797 daAuts
